PA
CHICAGO TULA @ MYRTLE BEACH SEAHAWKS
09/14/2038
 
TOP OF THE 1ST
Chicago Tula batting - Pitching for Myrtle Beach Seahawks : RHP Annamaya Rakhi
Pitching: RHP Annamaya Rakhi
Batting: RHB John Juanda 0-0: Ball
1-0: Ball
2-0: Ground out 5-3 (Groundball, 56, EV 104.4 MPH)
Batting: RHB Xiao-yong Huang 0-0: Ball
1-0: Swinging Strike
1-1: Ball
2-1: Foul Ball, location: 2F
2-2: Strikes out swinging
Batting: LHB Gustavo Zamora 0-0: Ball
1-0: Called Strike
1-1: Ball
2-1: Ball
3-1: Base on Balls
Batting: LHB José Arras 0-0: Ball
1-0: Foul Ball, location: 2F
1-1: Ball
2-1: Foul Ball, location: 2F
2-2: Ground out U3 (Groundball, 3S, EV 65.0 MPH)
Top of the 1st over - 0 runs, 0 hits, 0 errors, 1 left on base; Chicago 0 - Myrtle Beach 0
BOTTOM OF THE 1ST
Myrtle Beach Seahawks batting - Pitching for Chicago Tula : LHP Jake Newton
Pitching: LHP Jake Newton
Batting: RHB António Macías 0-0: Ball
1-0: Foul Ball, location: 2F
1-1: Called Strike
1-2: Ball
2-2: Fly out, F8 (Line Drive, 8RD, EV 96.2 MPH)
Batting: RHB António Etxebarria 0-0: Called Strike
0-1: Ball
1-1: Swinging Strike
1-2: Ball
2-2: Strikes out swinging
Batting: RHB Christiaan Bunschoten 0-0: Ball
1-0: Ball
2-0: Ball
3-0: Called Strike
3-1: Called Strike
3-2: Base on Balls
Batting: LHB Lung Chaim 0-0: Ball
1-0: Fly out, F7 (Line Drive, 7, EV 90.0 MPH)
Bottom of the 1st over - 0 runs, 0 hits, 0 errors, 1 left on base; Chicago 0 - Myrtle Beach 0
TOP OF THE 2ND
Chicago Tula batting - Pitching for Myrtle Beach Seahawks : RHP Annamaya Rakhi
Batting: RHB Omar Krutsinger 0-0: Fly out, F7 (Flyball, 7S, EV 79.4 MPH)
Batting: LHB Kevin Hancock 0-0: Ground out U3 (Groundball, 3L, EV 98.1 MPH)
Batting: RHB Eddie Hickford 0-0: Foul Ball, location: 2F
0-1: Ball
1-1: Swinging Strike
1-2: Strikes out swinging
Top of the 2nd over - 0 runs, 0 hits, 0 errors, 0 left on base; Chicago 0 - Myrtle Beach 0
BOTTOM OF THE 2ND
Myrtle Beach Seahawks batting - Pitching for Chicago Tula : LHP Jake Newton
Batting: RHB Dermott Mann 0-0: Called Strike
0-1: Ball
1-1: Swinging Strike
1-2: Ball
2-2: Strikes out swinging
Batting: RHB Tora Tora 0-0: Ground out 6-3 (Groundball, 6, EV 102.5 MPH)
Batting: RHB Marcos Luna 0-0: Ball
1-0: Ball
2-0: Ball
3-0: Called Strike
3-1: Base on Balls
Batting: LHB Jorge Agramunt 0-0: Fly out, F6 (Line Drive, 6, EV 68.8 MPH)
Bottom of the 2nd over - 0 runs, 0 hits, 0 errors, 1 left on base; Chicago 0 - Myrtle Beach 0
TOP OF THE 3RD
Chicago Tula batting - Pitching for Myrtle Beach Seahawks : RHP Annamaya Rakhi
Batting: RHB Luis Gamboa 0-0: Ball
1-0: Ball
2-0: Ground out 5-3 (Groundball, 56S, EV 70.6 MPH)
Batting: RHB Ramón Rodríguez 0-0: Called Strike
0-1: Called Strike
0-2: Ground out U3 (Groundball, 34, EV 98.1 MPH)
Batting: RHB John Juanda 0-0: Called Strike
0-1: SINGLE (Groundball, 6MD, EV 109.4 MPH)
Batting: RHB Xiao-yong Huang 0-0: Ball
1-0: Called Strike
John Juanda steals 2nd base
1-1: Called Strike
1-2: Ball
2-2: Strikes out swinging
Top of the 3rd over - 0 runs, 1 hit, 0 errors, 1 left on base; Chicago 0 - Myrtle Beach 0
BOTTOM OF THE 3RD
Myrtle Beach Seahawks batting - Pitching for Chicago Tula : LHP Jake Newton
Batting: RHB Kyle Goodbrand 0-0: Swinging Strike
0-1: Ball
1-1: Ball
2-1: Foul Ball, location: 2F
2-2: SINGLE (Line Drive, 5D, EV 96.9 MPH)
Batting: RHB António Macías 0-0: Called Strike
0-1: Grounds into double play, 6-4-3 (Groundball, 6S, EV 90.6 MPH)
Batting: RHB António Etxebarria 0-0: Ball
1-0: SINGLE (Groundball, 6MD, EV 104.4 MPH)
Batting: RHB Christiaan Bunschoten 0-0: Called Strike
0-1: Called Strike
Pickoff Throw to First - Error! E1
António Etxebarria to second
0-2: Foul Ball, location: 2F
0-2: Foul Ball, location: 2F
0-2: Strikes out swinging
Bottom of the 3rd over - 0 runs, 2 hits, 1 error, 1 left on base; Chicago 0 - Myrtle Beach 0
TOP OF THE 4TH
Chicago Tula batting - Pitching for Myrtle Beach Seahawks : RHP Annamaya Rakhi
Pitching: RHP Duckens Nazon
Batting: LHB Gustavo Zamora 0-0: Ball
1-0: Fly out, F8 (Flyball, 78D, EV 103.1 MPH)
Batting: LHB José Arras 0-0: Ball
1-0: Called Strike
1-1: Ground out 4-3 (Groundball, 4M, EV 98.1 MPH)
Batting: RHB Omar Krutsinger 0-0: Foul Ball, location: 2F
0-1: Ball
1-1: Swinging Strike
1-2: Ground out 4-3 (Groundball, 4, EV 89.4 MPH)
Top of the 4th over - 0 runs, 0 hits, 0 errors, 0 left on base; Chicago 0 - Myrtle Beach 0
BOTTOM OF THE 4TH
Myrtle Beach Seahawks batting - Pitching for Chicago Tula : LHP Jake Newton
Batting: LHB Lung Chaim 0-0: Ball
1-0: DOUBLE (Groundball, 3L, EV 98.1 MPH)
Batting: RHB Dermott Mann 0-0: Called Strike
0-1: Called Strike
0-2: Ball
1-2: Ball
2-2: SINGLE (Flyball, 78S, EV 84.4 MPH)
Lung Chaim to third
Batting: RHB Tora Tora 0-0: Ball
1-0: Ball
2-0: Called Strike
2-1: Foul Ball, location: 2F
2-2: Grounds into double play, 6-4-3 (Groundball, 6, EV 84.4 MPH)
Lung Chaim scores
Batting: RHB Marcos Luna 0-0: Called Strike
0-1: Ball
1-1: Swinging Strike
1-2: SINGLE (Line Drive, 34, EV 99.4 MPH)
Batting: LHB Jorge Agramunt 0-0: Foul Ball, location: 2F
0-1: Ball
1-1: Foul Ball, location: 2F
1-2: Ball
2-2: Ball
3-2: SINGLE (Flyball, 9S, EV 91.9 MPH)
Marcos Luna to second
Marcos Luna to third
Batting: RHB Kyle Goodbrand 0-0: Called Strike
0-1: DOUBLE (Flyball, 78D, EV 100.6 MPH)
Marcos Luna scores
Jorge Agramunt to third
Runner from 3rd tries for Home, SAFE, throw by LF to home
Batting: RHB António Macías 0-0: Called Strike
0-1: Called Strike
0-2: Ball
1-2: DOUBLE (Line Drive, 7LM, EV 106.2 MPH)
Kyle Goodbrand scores
Batting: RHB António Etxebarria 0-0: Hit by Pitch
Batting: RHB Christiaan Bunschoten 0-0: Foul Ball, location: 2F
0-1: Ball
1-1: Foul Ball, location: 2F
1-2: Ball
2-2: Ball
3-2: Foul Ball, location: 2F
3-2: Foul Ball, location: 2F
3-2: SINGLE (Groundball, 34D, EV 105.0 MPH)
António Macías to third
António Etxebarria to second
António Macías scores
António Etxebarria to third
Pitching: LHP Norberto Torrez
Batting: LHB Lung Chaim 0-0: Ball
1-0: Ground out 4-3 (Groundball, 4, EV 101.2 MPH)
Bottom of the 4th over - 5 runs, 7 hits, 0 errors, 2 left on base; Chicago 0 - Myrtle Beach 5
TOP OF THE 5TH
Chicago Tula batting - Pitching for Myrtle Beach Seahawks : RHP Duckens Nazon
Batting: LHB Kevin Hancock 0-0: Foul Ball, location: 2F
0-1: Foul Ball, location: 2F
0-2: Fly out, F8 (Flyball, 8RXD, EV 101.9 MPH)
Batting: RHB Eddie Hickford 0-0: Ball
1-0: Ball
2-0: Called Strike
2-1: Ball
3-1: Ground out 5-3 (Groundball, 5L, EV 106.2 MPH)
Batting: RHB Luis Gamboa 0-0: Called Strike
0-1: Ball
1-1: Ball
2-1: Foul Ball, location: 2F
2-2: Ball
3-2: SINGLE (Groundball, 6D, EV 100.0 MPH)
Batting: RHB Ramón Rodríguez 0-0: SINGLE (Groundball, 6MD, EV 95.0 MPH)
Luis Gamboa to second
Batting: RHB John Juanda 0-0: Hit by Pitch
Luis Gamboa to third
Ramón Rodríguez to second
Batting: RHB Xiao-yong Huang 0-0: Ball
1-0: Called Strike
1-1: Called Strike
1-2: Foul Ball, location: 2F
1-2: Foul Ball, location: 2F
1-2: Strikes out swinging
Top of the 5th over - 0 runs, 2 hits, 0 errors, 3 left on base; Chicago 0 - Myrtle Beach 5
BOTTOM OF THE 5TH
Myrtle Beach Seahawks batting - Pitching for Chicago Tula : LHP Norberto Torrez
Batting: RHB Dermott Mann 0-0: Ball
1-0: Swinging Strike
1-1: Swinging Strike
1-2: Strikes out swinging
Batting: RHB Tora Tora 0-0: Ball
1-0: Ball
2-0: Foul Ball, location: 2F
2-1: Swinging Strike
2-2: Strikes out swinging
Batting: RHB Marcos Luna 0-0: Called Strike
0-1: Ball
1-1: Ground out 3-1 (Groundball, 34, EV 93.8 MPH)
Bottom of the 5th over - 0 runs, 0 hits, 0 errors, 0 left on base; Chicago 0 - Myrtle Beach 5
TOP OF THE 6TH
Chicago Tula batting - Pitching for Myrtle Beach Seahawks : RHP Duckens Nazon
Batting: LHB Gustavo Zamora 0-0: Foul Ball, location: 2F
0-1: Called Strike
0-2: Foul Ball, location: 2F
0-2: Ball
1-2: SINGLE (Groundball, 6D, EV 95.0 MPH)
Pitching: LHP Masaki Ito
Batting: LHB José Arras 0-0: Swinging Strike
0-1: Called Strike
0-2: Ball
1-2: Ball
2-2: Ball
3-2: Foul Ball, location: 2F
3-2: Foul Ball, location: 2F
3-2: Base on Balls
Gustavo Zamora to second
Batting: RHB Omar Krutsinger 0-0: SINGLE (Groundball, 34S, EV 69.4 MPH) (infield hit)
Gustavo Zamora to third
José Arras to second
Batting: LHB Kevin Hancock 0-0: Ball
1-0: Foul Ball, location: 2F
1-1: Foul Ball, location: 2F
1-2: Ball
2-2: Strikes out swinging
Batting: RHB Eddie Hickford 0-0: DOUBLE (Line Drive, 7LM, EV 108.1 MPH)
Gustavo Zamora scores
José Arras scores
Omar Krutsinger to third
Batting: RHB Luis Gamboa 0-0: SINGLE (Groundball, 3D, EV 98.8 MPH)
Omar Krutsinger scores
Eddie Hickford to third
Runner from 3rd tries for Home, SAFE, throw by RF to home
Pitching: RHP Prosper Azagba
Batting: RHB Ramón Rodríguez 0-0: Called Strike
0-1: Foul Ball, location: 2F
0-2: Strikes out swinging
Batting: RHB John Juanda 0-0: Called Strike
0-1: Ball
1-1: Swinging Strike
1-2: Strikes out swinging
Top of the 6th over - 4 runs, 4 hits, 0 errors, 1 left on base; Chicago 4 - Myrtle Beach 5
BOTTOM OF THE 6TH
Myrtle Beach Seahawks batting - Pitching for Chicago Tula : LHP Norberto Torrez
Batting: LHB Jorge Agramunt 0-0: Ball
1-0: Called Strike
1-1: Swinging Strike
1-2: Ground out 6-3 (Groundball, 6, EV 90.6 MPH)
Batting: RHB Kyle Goodbrand 0-0: Called Strike
0-1: Ball
1-1: Fly out, F3 (Popup, 3SF, EV 75.6 MPH)
Batting: RHB António Macías 0-0: Called Strike
0-1: Ball
1-1: Ball
2-1: Called Strike
2-2: Foul Ball, location: 2F
2-2: Ball
3-2: Strikes out swinging
Bottom of the 6th over - 0 runs, 0 hits, 0 errors, 0 left on base; Chicago 4 - Myrtle Beach 5
TOP OF THE 7TH
Chicago Tula batting - Pitching for Myrtle Beach Seahawks : RHP Prosper Azagba
Batting: RHB Xiao-yong Huang 0-0: Foul Ball, location: 2F
0-1: Fly out, F7 (Flyball, 78S, EV 80.6 MPH)
Batting: LHB Gustavo Zamora 0-0: Called Strike
0-1: Ball
1-1: Foul Ball, location: 2F
1-2: Strikes out swinging
Batting: LHB José Arras 0-0: Called Strike
0-1: Fly out, F6 (Popup, 6M, EV 75.0 MPH)
Top of the 7th over - 0 runs, 0 hits, 0 errors, 0 left on base; Chicago 4 - Myrtle Beach 5
BOTTOM OF THE 7TH
Myrtle Beach Seahawks batting - Pitching for Chicago Tula : LHP Norberto Torrez
Batting: RHB António Etxebarria 0-0: Fly out, F4 (Popup, 4MD, EV 58.8 MPH)
Batting: RHB Christiaan Bunschoten 0-0: Foul Ball, location: 2F
0-1: Called Strike
0-2: Ball
1-2: Ball
2-2: Fly out, F8 (Flyball, 8LXD, EV 91.9 MPH)
Batting: LHB Lung Chaim 0-0: Ball
1-0: Ground out 4-3 (Groundball, 4M, EV 108.8 MPH)
Bottom of the 7th over - 0 runs, 0 hits, 0 errors, 0 left on base; Chicago 4 - Myrtle Beach 5
TOP OF THE 8TH
Chicago Tula batting - Pitching for Myrtle Beach Seahawks : RHP Prosper Azagba
Batting: RHB Omar Krutsinger 0-0: Ball
1-0: Called Strike
1-1: Ball
2-1: Ball
3-1: Base on Balls
Pinch Runner at 1st Tolenka Kafengauz:
Batting: LHB Kevin Hancock 0-0: Called Strike
0-1: Foul Ball, location: 2F
0-2: Ball
1-2: Strikes out looking
Batting: RHB Eddie Hickford 0-0: Ball
1-0: Called Strike
1-1: Foul Ball, location: 2F
1-2: Foul Ball, location: 2F
1-2: Ball
2-2: Strikes out looking
Batting: RHB Luis Gamboa 0-0: Ball
1-0: Called Strike
1-1: Ball
2-1: Ground out 1-3 (Groundball, 34S, EV 80.6 MPH)
Top of the 8th over - 0 runs, 0 hits, 0 errors, 1 left on base; Chicago 4 - Myrtle Beach 5
BOTTOM OF THE 8TH
Myrtle Beach Seahawks batting - Pitching for Chicago Tula : LHP Norberto Torrez
Now in RF: Tolenka Kafengauz
Batting: RHB Dermott Mann 0-0: Ball
1-0: Ball
2-0: Foul Ball, location: 2F
2-1: Ball
3-1: SINGLE (Groundball, 6, EV 109.4 MPH) (infield hit)
Pitching: RHP Kevin Moyer
Batting: RHB Tora Tora 0-0: Called Strike
0-1: Swinging Strike
0-2: Strikes out swinging
Batting: RHB Marcos Luna 0-0: Swinging Strike
0-1: Ball
1-1: Called Strike
1-2: Strikes out looking
Batting: LHB Jorge Agramunt 0-0: Called Strike
0-1: Ball
1-1: SINGLE (Groundball, 34, EV 105.0 MPH) (infield hit)
Dermott Mann to second
Batting: RHB Kyle Goodbrand 0-0: Called Strike
0-1: Ball
1-1: Ball
2-1: DOUBLE (Line Drive, 9LM, EV 108.8 MPH)
Dermott Mann scores
Jorge Agramunt to third
Runner from 3rd tries for Home, SAFE, no throw by RF
Batting: RHB António Macías 0-0: Ball
1-0: SINGLE (Line Drive, 8LS, EV 98.1 MPH)
Kyle Goodbrand to third
Batting: RHB António Etxebarria 0-0: Foul Ball, location: 2F
0-1: 3-RUN HOME RUN (Flyball, 7LD, EV 91.9 MPH), Distance : 366 ft
Pitching: LHP Clinton McIntosh
Batting: RHB Christiaan Bunschoten 0-0: Called Strike
0-1: Ball
1-1: Swinging Strike
1-2: Strikes out swinging
Bottom of the 8th over - 5 runs, 5 hits, 0 errors, 0 left on base; Chicago 4 - Myrtle Beach 10
TOP OF THE 9TH
Chicago Tula batting - Pitching for Myrtle Beach Seahawks : RHP Prosper Azagba
Batting: RHB Ramón Rodríguez 0-0: DOUBLE (Flyball, 8LXD, EV 105.0 MPH)
Batting: RHB John Juanda 0-0: Called Strike
0-1: Ball
1-1: Swinging Strike
1-2: SINGLE (Groundball, 6S, EV 64.4 MPH) (infield hit)
Ramón Rodríguez to third
Batting: RHB Xiao-yong Huang 0-0: Called Strike
0-1: Grounds into double play, 5-4-3 (Groundball, 56, EV 105.0 MPH)
Ramón Rodríguez scores
Batting: LHB Gustavo Zamora 0-0: Ground out 4-3 (Groundball, 4S, EV 84.4 MPH)
Top of the 9th over - 1 run, 2 hits, 0 errors, 0 left on base; Chicago 5 - Myrtle Beach 10
Friday, April 17th, 2020 - OOTP Baseball 20.8 Build 74